[Event "Israeli Team U18-ch 2022"]
[Site "Be'er Ya'akov"]
[Date "2022.08.14"]
[Round "1.1"]
[White "Gani, Itai"]
[Black "Rozen, Eytan"]
[Result "0-1"]
[ECO "A57"]
[WhiteElo "1837"]
[BlackElo "2465"]
[Annotator "TA"]
[PlyCount "58"]
[EventDate "2022.08.14"]
[EventCountry "ISR"]
[SourceTitle "playchess.com"]
[Source "ChessBase"]
[SourceQuality "1"]
[TimeControl "3000+10"]

1. d4 Nf6 2. Nf3 c5 3. d5 b5 4. c4 bxc4 5. Nc3 d6 6. e4 Bg4 {[%emt 0:02:21] A57: Benko/Volga Gambit.} 7. Bxc4 Nbd7 {[%emt 0:00:29] Inhibits e5.} 8. O-O g6 {[%emt 0:00:07] [#] White is better.} 9. Be2 $146 ({Predecessor:} 9. h3 Bxf3 10. Qxf3 Bg7 11. Qe2 O-O 12. f4 Rb8 13. Re1 Ne8 14. Qc2 Nc7 15. Bd2 {0-1 (64) Priyadharshan,K (2460)-Bregadze,L (2458) Saint Louis 2014}) 9... Bxf3 10. Bxf3 Bg7 11. Be3 O-O 12. Be2 Rb8 13. Rb1 Qa5 14. Qd2 Rfc8 15. h4 Ne5 16. f3 Qb4 17. a3 Qb3 18. Bd1 Qb7 {[%emt 0:03:46] [#] ...Nc4 is the strong threat.} 19. Be2 {[%emt 0:00:37] Against Nc4} Qb3 {[%emt 0:00:16] Inhibits b4.} 20. Bd1 Qb7 {[%emt 0:00:02] White must now prevent ...Nc4.} 21. Be2 {[%emt 0:00:07] Prevents Nc4.} Qd7 22. Bh6 Bxh6 23. Qxh6 Rb3 24. Qd2 c4 25. Rfc1 Rcb8 26. Nd1 Qb7 27. Bxc4 $2 {[%emt 0:01:21] [#]} (27. Rc3 $11) 27... Rxf3 $1 $19 28. Be2 $2 (28. Qd4) 28... Qb6+ 29. Kh1 Nxe4 {[%emt 0:00:24] Weighted Error Value: White=0.57/Black=0.06 (flawless)} 0-1

[Event "Israeli Team U18-ch 2022"]
[Site "Be'er Ya'akov"]
[Date "2022.08.14"]
[Round "1.2"]
[White "Milikow, Yoav"]
[Black "Lapushnian, Maya"]
[Result "1-0"]
[ECO "D35"]
[WhiteElo "2452"]
[BlackElo "1624"]
[Annotator "TA"]
[PlyCount "99"]
[EventDate "2022.08.14"]
[EventCountry "ISR"]
[SourceTitle "playchess.com"]
[Source "ChessBase"]
[SourceQuality "1"]
[TimeControl "3000+10"]

1. d4 d5 2. c4 e6 3. Nc3 Nf6 4. Nf3 a6 5. cxd5 exd5 6. Bg5 Be6 7. e3 Be7 8. Bd3 O-O 9. O-O Nbd7 10. h3 {[%emt 0:00:00] D35: Queen's Gambit Declined: Exchange Variation.} c6 {[%emt 0:00:00] [#]} 11. Bf4 $146 ({Predecessor:} 11. Qc2 h6 12. Bf4 Rc8 13. Rad1 Re8 14. Bh2 Bf8 15. Qb1 b5 16. Ne2 Ne4 17. Ne5 Ndf6 {1-0 (62) Nihal,S (2620)-Smirnov,A (2597) Chess.com INT 2020}) 11... Nb6 12. Ne5 {[%emt 0:00:00] White is slightly better.} Nfd7 13. Qc2 h6 14. Bh7+ Kh8 15. Bd3 Nxe5 16. Bxe5 Bd6 17. Bxd6 (17. Ne2 {is more complex.} Nc4 18. Bxc4 dxc4 19. Nf4) 17... Qxd6 18. Rad1 Nd7 19. f3 Rac8 20. Qf2 c5 21. dxc5 Qxc5 22. f4 {[%emt 0:00:00] [#] Black must now prevent f5.} Nf6 23. Rfe1 Rfe8 24. Kh2 Bd7 25. Bc2 Bc6 26. Rd4 Qb6 27. Bb3 Rcd8 28. Red1 Qc5 29. g4 Qe7 $1 30. Re1 Ne4 (30... b5 $11) 31. Nxe4 $14 dxe4 32. Red1 Rxd4 33. Rxd4 Qf6 34. Qd2 Kg8 35. Rd6 Qh4 36. Kg2 Qe7 (36... Bb5 $14) 37. Kg3 Rc8 38. Qd4 Re8 (38... a5 $16 {was called for.}) 39. Rg6 Qf8 40. Qf6 $2 {[%emt 0:01:07] 0x0.0019ee0830b7dp-1022s more active pieces.} (40. h4 $16 {stays on course.}) 40... Rd8 $2 {[%emt 0:00:11][%mdl 8192] [#]} (40... Kh7 $17 {and life is bright.} 41. Qxf7 Qxf7 42. Bxf7 Re7 43. Rxc6 bxc6) 41. Rxg7+ $18 Qxg7 42. Qxd8+ {[%emt 0:00:06][%mdl 4096] Endgame KQB-KQB} Kh7 43. Qe7 a5 (43... Kg8 {might work better.} 44. h4 Qf8) 44. f5 {[%emt 0:00:20] White wants to mate with f6.} f6 $2 (44... Kg8 45. Qd8+ Kh7) 45. Bf7 h5 46. Bg6+ Kg8 47. Qe6+ Kh8 48. gxh5 $2 (48. g5) 48... Qf8 49. Kg4 $2 ({White should play} 49. Kh4 $18) 49... Qd8 $1 $11 {[%emt 0:00:13] ( -> ...Qd1+)} 50. Kh4 {[%emt 0:00:13][%mdl 32768] Weighted Error Value: White=0.60/Black=0.42. Sensor Board Error (Ke4/e5)?} (50. Qf7 {gets mated.} Qd1+ 51. Kh4 Qe1+ 52. Kg4 Qg1+ 53. Kh4 Qg5#) 1-0

[Event "Israeli Team U18-ch 2022"]
[Site "Be'er Ya'akov"]
[Date "2022.08.14"]
[Round "1.3"]
[White "Sternfeld, Tomer"]
[Black "Gorshtein, Asaf"]
[Result "1/2-1/2"]
[ECO "A21"]
[WhiteElo "1569"]
[BlackElo "2112"]
[Annotator "TA"]
[PlyCount "141"]
[EventDate "2022.08.14"]
[EventCountry "ISR"]
[SourceTitle "playchess.com"]
[Source "ChessBase"]
[SourceQuality "1"]
[TimeControl "3000+10"]

1. c4 e5 2. g3 d6 3. Bg2 f5 4. d4 Be7 5. dxe5 dxe5 6. Qxd8+ Bxd8 7. Nc3 Nf6 8. e4 c6 9. Nge2 {[%emt 0:03:45] A21: English Opening: 1...e5 2 Nc3.} O-O 10. O-O {[%emt 0:00:45] [#]} (10. Bh3 {with more complications.} Nxe4 11. Nxe4 fxe4 12. Bxc8 Ba5+ 13. Bd2) 10... Bb6 $146 ({Predecessor:} 10... Na6 11. Bg5 Nc5 12. Bxf6 Bxf6 13. b4 Nd3 14. a3 Be6 15. exf5 Bxc4 16. Be4 Rfd8 {0-1 (52) Lehtosaari,K (1960)-Niemi,K (2357) Turku 2017}) 11. b3 Nxe4 12. Nxe4 fxe4 13. Ba3 Rf7 14. c5 Bc7 15. Bxe4 ({White should try} 15. Nc3 $1 $14) 15... Be6 $11 16. Nc3 Nd7 17. Rad1 Nf6 18. Bg2 a5 19. Rd2 Rd7 20. Rxd7 Bxd7 21. Rd1 Be6 22. Bf1 Kf7 23. Bc4 Rd8 24. Rxd8 Bxd8 25. f3 Bxc4 26. bxc4 $17 {[%emt 0:00:01][%mdl 4096] Endgame KBN-KBN} Be7 27. Kf2 Nd7 28. Ne4 b5 29. cxb5 cxb5 30. Ke3 Ke6 31. Kd3 b4 (31... Nb8 $17 {White must now prevent ...Na6.} 32. c6 Nxc6 33. Bxe7 Kxe7) 32. c6 $11 Nb6 33. Bc1 Kd5 34. Be3 $2 (34. c7 $11 {and White has nothing to worry.}) 34... Kxc6 $19 35. Bxb6 Kxb6 {[%emt 0:00:01] KB-KN} 36. Kc4 Kc6 37. Nf2 h5 38. h3 g6 39. Nd3 Bd6 40. g4 Bc7 41. Nf2 Bd6 42. Nd3 Bb8 $2 (42... h4 $19 {...g5 is the strong threat.} 43. Nc1 g5) 43. Nf2 {[%emt 0:00:01] [#]} (43. Nc5 $1 $15) 43... Bc7 $1 44. Nd3 Bd6 45. Nf2 a4 (45... h4 $17) 46. Nd3 $11 b3 47. axb3 a3 48. Nc1 Bc5 49. b4 Be3 50. Na2 Bd4 51. Nc1 Kb6 52. Na2 Bb2 53. Nc3 h4 54. Kb3 (54. Na4+ $11 Kc6 55. b5+ Kd6 56. Kb3) 54... Bxc3 55. Kxc3 {[%emt 0:00:01] KP-KP} Kb5 56. Kb3 a2 57. Kxa2 {[%emt 0:00:01] [#]} Kxb4 $2 {[%emt 0:00:00] K3P-K3P} (57... e4 $1 {mates} 58. fxe4 Kxb4 59. Kb2 Kc4 60. Kc2 Kd4 61. Kd2 Kxe4 62. g5 Kf4 63. Ke2 Kg3 64. Ke3 Kxh3 65. Kf3 Kh2 66. Kf2 h3 67. Kf1 Kg3 68. Kg1 Kg4 69. Kh2 Kh4 70. Kh1 Kxg5 71. Kh2 Kh4 72. Kg1 Kg3 73. Kh1 g5 74. Kg1 Kf3 75. Kh2 g4 76. Kg1 g3 77. Kh1 g2+ 78. Kg1 Ke3 79. Kh2 Kf2 80. Kxh3 g1=Q 81. Kh4 Qg6 82. Kh3 Qh5#) 58. Kb2 {[%emt 0:00:02] The position is equal.} Kc4 (58... g5 $5) 59. Kc2 Kd4 60. Kd2 g5 61. Ke2 e4 62. Kf2 exf3 63. Kxf3 {[%emt 0:00:02] KPP-KPP} Kd3 64. Kf2 Kd2 (64... Ke4 $5 65. Ke2 Ke5 $11) 65. Kf3 {[%emt 0:00:24] Threatening mate with Ke4.} Kd3 (65... Ke1 $5 66. Ke4 Kf2 $11) 66. Kf2 Kd2 (66... Ke4 $5 67. Ke2 Kf4 $11) 67. Kf3 Ke1 (67... Kd3 $5) 68. Ke4 Kf2 (68... Kf1 $5 69. Kf5 Kg2 70. Kxg5 Kxh3 $11) 69. Kf5 Kg3 70. Kxg5 {[%emt 0:00:01] White wants to mate with Kf5.} Kxh3 {[%emt 0:00:01] ( -> ...Kg3)} 71. Kf5 {[%emt 0:00:09] Weighted Error Value: White=0.32/Black=0.29 (precise)} 1/2-1/2

[Event "Israeli Team U18-ch 2022"]
[Site "Be'er Ya'akov"]
[Date "2022.08.14"]
[Round "1.4"]
[White "Ofir, Nevo"]
[Black "Timonin, Roman"]
[Result "1-0"]
[ECO "C50"]
[WhiteElo "1308"]
[BlackElo "1450"]
[Annotator "NA RC"]
[PlyCount "121"]
[EventDate "2022.08.14"]
[EventCountry "ISR"]
[SourceTitle "playchess.com"]
[Source "ChessBase"]
[SourceQuality "1"]
[TimeControl "3000+10"]

1. e4 e5 2. Nf3 Nc6 3. Bc4 Nf6 4. d3 Bc5 5. Be3 Bxe3 6. fxe3 O-O 7. O-O d6 8. Nc3 Na5 9. Bb3 Nxb3 10. axb3 Re8 11. Qd2 c6 12. Rae1 d5 13. exd5 cxd5 14. d4 exd4 15. exd4 Rxe1 16. Rxe1 h6 17. Ne5 Be6 18. Nd3 Qb6 19. Nf4 a6 20. Na4 Qc6 21. Nc5 Ne4 22. Nxe4 dxe4 23. d5 Qb6+ 24. Qe3 Qxe3+ 25. Rxe3 Bf5 26. c4 g5 27. Nh5 Bg6 28. Nf6+ Kg7 29. Nd7 f5 30. Nb6 Rd8 31. c5 Be8 32. Kf2 Kf6 33. g4 Ke5 34. gxf5 Bf7 35. c6 bxc6 36. dxc6 Kd6 37. Rxe4 Kxc6 38. Nc4 Rb8 39. Re2 Bxc4 40. bxc4 Kc5 41. Kg3 Kxc4 42. Kg4 Kd5 43. Kh5 Rb6 44. Re8 Rf6 45. Kg4 Kc4 46. Re6 Rf8 47. Rxh6 Rb8 48. Kxg5 Rxb2 49. Rxa6 Rg2+ 50. Kf6 Rxh2 51. Rd6 Kc5 52. Rd1 Rf2 53. Ke6 Re2+ 54. Kf7 Rf2 55. f6 Rf3 56. Kg7 Rg3+ 57. Kf8 Rf3 58. f7 Kc6 59. Rg1 Kd6 60. Kg8 Ke7 61. Re1+ 1-0

[Event "Israeli Team U18-ch 2022"]
[Site "Be'er Ya'akov"]
[Date "2022.08.14"]
[Round "1.5"]
[White "Ben Ari, Yannay"]
[Black "Michaeli, Omri"]
[Result "1-0"]
[ECO "E44"]
[WhiteElo "2411"]
[BlackElo "1896"]
[Annotator "TA"]
[PlyCount "87"]
[EventDate "2022.08.14"]
[EventCountry "ISR"]
[SourceTitle "playchess.com"]
[Source "ChessBase"]
[SourceQuality "1"]
[TimeControl "3000+10"]

1. d4 Nf6 2. c4 e6 3. Nc3 Bb4 4. e3 b6 5. Nge2 O-O 6. a3 Bxc3+ 7. Nxc3 Bb7 8. b3 {[%emt 0:09:17] E44: Nimzo-Indian: Rubinstein: 4...b6 5 Ne2.} d6 9. Bd3 (9. Bb2 $14) 9... Nbd7 ({Black should play} 9... Bxg2 $15 10. Rg1 Bb7) 10. O-O $14 {[%emt 0:02:09] White is slightly better.} e5 {[%emt 0:01:25] White now steadily converts the win.} 11. d5 {[%emt 0:00:52] [#]} Qe7 $146 ({Predecessor:} 11... h6 12. b4 Nh7 13. Qg4 Ndf6 14. Qe2 Qe7 15. e4 Rae8 16. Be3 Bc8 17. a4 Ng4 {1-0 (32) Faust,D (1758)-Panov,D (1800) FICGS email 2009}) 12. Bc2 h6 13. e4 g5 (13... Rfb8 $16) 14. h4 $18 Nh7 15. hxg5 hxg5 16. Ne2 Ndf6 17. Ng3 {[%emt 0:00:11] Inhibits Nh5.} Bc8 18. f3 Kg7 19. Kf2 Rg8 20. Be3 Kf8 21. Rh1 g4 22. f4 {[%emt 0:00:53] Inhibits Ng5.} exf4 23. Bxf4 Ng5 24. Qd4 Nd7 25. Rh6 ({But not} 25. Nf5 Qf6 26. Qxf6 Nxf6 $18) 25... Ne5 26. Rah1 f6 27. Qe3 {[%emt 0:07:16] [#] Bxg5 is the strong threat.} Qg7 (27... Nef7 $16 {was worth a try.}) 28. Ke2 {[%emt 0:01:49] aiming for Qf2.} Bd7 29. Kd1 {[%emt 0:00:19] Active counter play!} (29. Qf2 $18) 29... Kf7 $2 (29... Ke7 $16 30. Nf5+ Bxf5) 30. Qf2 (30. Bxg5 $142 Qxg5 31. Qf2) 30... Raf8 $2 (30... Nh3 31. gxh3 gxh3) 31. Bxe5 dxe5 32. Nf5 Bxf5 33. Qxf5 Ke8 {[%emt 0:02:40] Against Qd7+} 34. Qc8+ Ke7 35. Qxc7+ Ke8 36. Qb8+ Kd7 37. Qxa7+ Kc8 38. Qa8+ Kc7 39. Qa7+ Kc8 40. Qa8+ Kc7 41. Qc6+ Kb8 42. Qxb6+ Ka8 43. b4 {[%emt 0:00:25] Threatens to win with Ba4.} Rh8 {[%emt 0:00:13] [#]} 44. Ba4 $1 {[%emt 0:00:13] Weighted Error Value: White=0.57/Black=0.73} 1-0

[Event "Israeli Team U18-ch 2022"]
[Site "Be'er Ya'akov"]
[Date "2022.08.14"]
[Round "1.6"]
[White "Shocron, Alon"]
[Black "Kochavi, Ori"]
[Result "1-0"]
[ECO "A10"]
[WhiteElo "1895"]
[BlackElo "2364"]
[Annotator "TA"]
[PlyCount "127"]
[EventDate "2022.08.14"]
[EventCountry "ISR"]
[SourceTitle "playchess.com"]
[Source "ChessBase"]
[SourceQuality "1"]
[TimeControl "3000+10"]

1. c4 b6 2. e4 Bb7 3. Nc3 e6 4. a3 c5 5. Nf3 a6 (5... Nf6 $11) 6. d4 $14 {[%emt 0:03:06] A10: English Opening: Unusual Replies for Black.} cxd4 7. Qxd4 Nc6 8. Qd3 {[%emt 0:00:03] White is slightly better.} Qc7 {[%emt 0:04:14] [#] Against Bf4} 9. Be2 $146 ({Predecessor:} 9. g3 Be7 10. Bf4 d6 11. Rc1 Nf6 12. Bg2 O-O 13. O-O Rad8 14. Nd5 exd5 15. cxd5 {1-0 (15) Skvortsov,V (2107)-Klykov,V (1794) Nizhnij Novgorod 2011}) 9... Nge7 10. O-O Ng6 11. Nd2 $2 (11. Rd1 $16 {and life is bright.}) 11... Nf4 $17 12. Qc2 h5 (12... Nd4 $17 13. Qd1 h5) 13. Nf3 $11 Ng6 (13... Nxe2+ $11 14. Nxe2 Ne5) 14. Be3 $14 Bc5 15. Bxc5 bxc5 16. Rad1 d6 17. Qd2 Rd8 18. Ng5 e5 19. Nd5 Qb8 (19... Qd7 $11) 20. b4 {[%emt 0:00:58] White is much more active. The black rooks are badly placed.} (20. f4 $1 $16) 20... cxb4 21. axb4 Nd4 22. f4 f6 23. f5 Nf8 24. Nf3 $1 Bxd5 25. exd5 Nxe2+ 26. Qxe2 Qxb4 27. Nd4 Qc5 (27... Rc8 $11 {remains equal.}) 28. Kh1 $1 $16 Rc8 ({Black should play} 28... Rb8) 29. Nc6 Nd7 30. Ra1 (30. Rb1 $1 $16) 30... Rxc6 $14 31. dxc6 Qxc6 32. Rf3 h4 (32... Nc5 $11 {was preferrable.}) 33. Rb3 h3 34. Rg3 (34. c5 $5) 34... Rh7 35. Qg4 hxg2+ 36. Rxg2 Kd8 37. Qg6 (37. Qd1 $1 $16) 37... Rh4 $11 38. Qxg7 Rxc4 39. Qh6 Rc2 40. Qh8+ Kc7 41. Qg7 a5 42. h4 $1 Rc4 43. Qg3 Rc3 44. Qg4 Rc4 45. Qh5 (45. Qg3 $11) 45... a4 (45... Rc2 46. Qg4 $15) (45... Rf4 $19 46. Qe2 Rxh4+ 47. Kg1 a4) 46. Kh2 $17 Qe4 47. Kh3 Rc3+ (47... Nc5 $17 {aiming for ...Nd3.} 48. Rf1 Nd3) 48. Rg3 $15 Qd4 (48... Rxg3+ $17 49. Kxg3 Qf4+ 50. Kg2 Qe4+ 51. Kh3 Qd3+ 52. Kh2 Qd2+ 53. Kh1 Qd5+ 54. Kh2 Qd2+ 55. Kh1 Qd5+ 56. Kh2 Qd2+) 49. Rag1 $11 Rc4 50. Qg4 {[%emt 0:00:23] Hoping for Qxd4.} Qc5 51. Qd1 Qb4 52. Rg4 e4 53. h5 {[%emt 0:00:36] And now h6 would win.} Ne5 $132 {[%emt 0:00:00][%mdl 2048] Black is fighting back} 54. Rg7+ Kc6 55. h6 {[%emt 0:00:20] Strongly threatening h7.} (55. R1g3 $2 Nd3 56. Kh2 (56. Rxd3 $2 exd3 57. Qf3+ d5 $19) 56... Qc5 $19) 55... e3 $2 {[%emt 0:00:01][%mdl 8192] [#]} (55... Qc5 $16 {is more resistant.}) 56. Qh5 $1 $18 e2 57. Qxe2 {[%emt 0:01:46] Black must now prevent h7.} ({Don't go for} 57. h7 $2 Rc3+ 58. R7g3 (58. Kg2 $2 Qe4+ 59. Kh2 e1=Q $19) 58... Rxg3+ 59. Kxg3 e1=Q+ $19) 57... Rh4+ (57... Qc3+ $142 58. R7g3 Qd4) 58. Kg2 Rd4 59. Qc2+ $2 (59. Qa6+ $18 Kd5 60. Qa8+ Kc4 61. Rf1) 59... Rc4 $11 60. Qe2 Qc5 $2 {[%emt 0:00:11][%mdl 8192] [#]} (60... Rd4 $1 $11 {and Black has nothing to worry.} 61. Rc1+ Kb6) 61. Rd1 $2 ({White must play} 61. Kh3 $1 $18 {h7 is the strong threat.} Qd4 62. Qh5) 61... Rc2 62. Rd2 {[%emt 0:00:01] Dancing on a razor blade.} Rc4 $2 (62... Qd5+ $11 63. Rxd5 Rxe2+ 64. Kf1 Rh2) 63. h7 Rh4 64. Qa6+ {[%emt 0:00:02] Both players deserved the win here.  Weighted Error Value: White=0.40/Black=0.50} 1-0

[Event "Israeli Team U18-ch 2022"]
[Site "Be'er Ya'akov"]
[Date "2022.08.14"]
[Round "1.7"]
[White "Uritsky, Yonathan"]
[Black "Kabakov, Iddo"]
[Result "1-0"]
[ECO "B12"]
[WhiteElo "2130"]
[BlackElo "1592"]
[Annotator "TA"]
[PlyCount "89"]
[EventDate "2022.08.14"]
[EventCountry "ISR"]
[SourceTitle "playchess.com"]
[Source "ChessBase"]
[SourceQuality "1"]
[TimeControl "3000+10"]

1. e4 c6 2. Ne2 d5 3. e5 c5 4. d4 cxd4 5. Nxd4 Nc6 6. c4 {[%emt 0:00:08] B12: Caro-Kann: Advance Variation.} Nxe5 7. cxd5 $1 Nf6 8. Nc3 {[%emt 0:02:03] [#] White is better.} Nxd5 $146 {[%emt 0:02:38][%mdl 8192] [#]} (8... a6 $1 $14) ({Predecessor:} 8... a6 9. Bf4 Ng6 10. Bg3 Nxd5 11. Nxd5 Qxd5 12. Be2 e5 13. Nc2 Qxd1+ 14. Rxd1 f5 {0-1 (77) Landa,K (2554)-Kamsky,G (2692) Playchess.com INT 2006}) 9. Bb5+ $18 Bd7 10. Nxd5 e6 11. Nc3 Bb4 12. O-O O-O 13. Qe2 Bxc3 14. bxc3 Qf6 15. Re1 Nc6 16. Be3 Rac8 17. Rad1 Rfd8 18. Nxc6 Bxc6 19. Bxc6 bxc6 20. Bd4 Qg6 21. h3 h6 22. Bxa7 Rd5 23. c4 Rg5 24. f4 Rg3 25. Qe4 Qxe4 26. Rxe4 Ra8 27. Bf2 Rc3 28. Rd2 Ra4 29. g3 Raxc4 30. Rxc4 Rxc4 {[%emt 0:00:08][%mdl 4096] Endgame KRB-KR} 31. Rd7 c5 32. Ra7 {[%emt 0:01:42] Against Ra4} Rc1+ 33. Kg2 c4 34. Kf3 {[%emt 0:03:05] aiming for Be3.} f5 $2 {[%emt 0:00:30] [#]} (34... c3 35. Rc7 Ra1 36. Rxc3 Rxa2 37. Rc8+ Kh7) 35. Bd4 c3 36. Rxg7+ Kf8 37. Rc7 c2 38. Be3 Rf1+ 39. Ke2 c1=Q 40. Rxc1 {[%emt 0:00:07] White mates.} Rxc1 41. Bxc1 Ke7 42. Ke3 Kd6 43. Kd4 h5 44. Ba3+ Kc6 45. Ke5 {[%emt 0:00:03] Black got outplayed after the opening.  Weighted Error Value: White=0.24 (precise) /Black=0.74} 1-0

[Event "Israeli Team U18-ch 2022"]
[Site "Be'er Ya'akov"]
[Date "2022.08.14"]
[Round "1.8"]
[White "Sade, Elad"]
[Black "Duchan, Yoav"]
[Result "0-1"]
[ECO "B45"]
[WhiteElo "1359"]
[BlackElo "1786"]
[Annotator "NA RC"]
[PlyCount "130"]
[EventDate "2022.08.14"]
[EventCountry "ISR"]
[SourceTitle "playchess.com"]
[Source "ChessBase"]
[SourceQuality "1"]
[TimeControl "3000+10"]

1. e4 c5 2. Nf3 Nc6 3. d4 cxd4 4. Nxd4 Nf6 5. Nc3 e6 6. Bb5 Bb4 7. Bg5 Qa5 8. Bxf6 Bxc3+ 9. bxc3 Qxc3+ 10. Kf1 gxf6 11. Nb3 Qe5 12. Bd3 b6 13. g3 Bb7 14. f4 Qc7 15. Qg4 O-O-O 16. Kf2 Rdg8 17. Qe2 Ne7 18. Ba6 f5 19. e5 Nd5 20. Bxb7+ Qxb7 21. Nd4 Kb8 22. Nb5 Nxf4 23. Qf3 Nh3+ 24. Kg2 Qxf3+ 25. Kxf3 Ng5+ 26. Ke3 Ne4 27. Rad1 a6 28. Nd6 Nxd6 29. Rxd6 Kc7 30. Rhd1 Rd8 31. Rb1 b5 32. Rxa6 Ra8 33. Rxa8 Rxa8 34. Rxb5 Rxa2 35. Rc5+ Kd8 36. Kf4 h6 37. Ke3 Ra4 38. c4 Ke7 39. Rc7 Ra5 40. Kf4 Kd8 41. Rb7 Ra4 42. Rb8+ Ke7 43. Rc8 f6 44. h4 fxe5+ 45. Kxe5 d6+ 46. Kd4 d5 47. Rh8 Rxc4+ 48. Ke3 Re4+ 49. Kf3 d4 50. Rxh6 d3 51. Rh7+ Kd6 52. Rh8 Ke5 53. Rd8 Rd4 54. Rxd4 Kxd4 55. h5 Kc3 56. h6 d2 57. h7 d1=Q+ 58. Kf4 Qh1 59. h8=Q+ Qxh8 60. g4 Qd4+ 61. Kg5 Qxg4+ 62. Kf6 f4 63. Ke7 f3 64. Ke8 Qg7 65. Kd8 Kc4 0-1

[Event "Israeli Team U18-ch 2022"]
[Site "Be'er Ya'akov"]
[Date "2022.08.14"]
[Round "1.9"]
[White "Meirovich, Ilay"]
[Black "Vagman, Roy"]
[Result "0-1"]
[ECO "E73"]
[WhiteElo "1752"]
[BlackElo "2180"]
[Annotator "TA"]
[PlyCount "102"]
[EventDate "2022.08.14"]
[EventCountry "ISR"]
[SourceTitle "playchess.com"]
[Source "ChessBase"]
[SourceQuality "1"]
[TimeControl "3000+10"]

1. d4 Nf6 2. c4 c5 3. d5 g6 4. Nc3 Bg7 5. e4 d6 6. Be2 O-O 7. Be3 e6 8. Nf3 {[%emt 0:00:35] E73: King's Indian: Averbakh Variation without 6...c5.} exd5 9. exd5 {[%emt 0:02:07] [#]} Qb6 $146 ({Predecessor:} 9... Bg4 10. O-O a6 11. h3 Bxf3 12. Bxf3 Nfd7 13. Be2 f5 14. f4 Nf6 15. Bf3 Nbd7 {½-½ (33) Lalith,B (2558)-Ponkratov,P (2641) New Delhi 2022}) 10. Qc2 (10. Qd2 $14) 10... Bf5 $11 11. Bd3 Bxd3 12. Qxd3 Qxb2 (12... Ng4 $142 $1 13. O-O Nd7) 13. O-O Ng4 14. Bd2 (14. Ne4 $5 ) 14... Nd7 {[%emt 0:01:48] ...Nge5 is the strong threat.} 15. Rab1 {[%emt 0:01:36][%mdl 64] [#] Deflection} Qa3 16. Rb3 (16. Rxb7 Nb6 17. Re7 Qb4 $15) (16. h3 $5 Nge5 17. Nxe5 Bxe5 18. Rb3 $11 (18. Rxb7 Nb6 $17)) 16... Qa6 $36 {[%emt 0:00:58][%mdl 2048] Black is more active.} 17. Nb5 $1 {[%emt 0:02:03] Black must now prevent Ra3.} Nge5 18. Nxe5 Nxe5 19. Qc2 Qb6 20. Rfb1 (20. f4 $11 Ng4 21. h3) 20... Qd8 (20... Rfe8 $5 ) 21. a4 b6 22. f4 (22. h3 $15) 22... Ng4 $17 23. h3 (23. Bc3 $17 {is a better defense.}) 23... Nf6 ({Better is} 23... a6 $19 24. hxg4 axb5 25. axb5 Qh4) 24. f5 Re8 25. Bf4 (25. Rf1 $142) 25... Ne4 26. fxg6 (26. Re1 $17 gxf5 27. Qc1) 26... hxg6 $19 ({Worse is} 26... fxg6 27. Re3 Nf6 28. Re2 $11) 27. Re1 f5 28. Rbe3 (28. Reb1 $142) 28... a6 29. Rxe4 Rxe4 ({And not} 29... fxe4 30. Nxd6 Qh4 31. Rxe4 Rxe4 32. Qxe4 $15) 30. Rxe4 fxe4 31. Nxd6 Qf6 32. Qxe4 Kh7 {[%emt 0:00:43] Threatens to win with ...Rf8.} 33. Bg3 Rf8 {[%emt 0:03:03] And now ...Qa1+ would win.} 34. Qh4+ $2 {[%emt 0:01:13] White does not recover from this.} (34. Qe1 $17) 34... Qxh4 35. Bxh4 {[%emt 0:00:07][%mdl 4096] Endgame KRB-KBN} Be5 36. Ne4 Rf4 $1 37. Ng5+ {[%emt 0:00:04] [#]} Kg8 $1 ({Not} 37... Kh6 38. Nf3 Bf6 39. Bxf6 Rxf6 40. Kf2 $17) 38. Nf3 (38. Bg3 {is the only way for White.} Bd4+ 39. Kh2) 38... Rxc4 {[%emt 0:01:24] Black is clearly winning.} 39. Be7 (39. Nxe5 $142 Rxh4 40. g4 Rxh3 41. d6) 39... Bg3 40. Kf1 Kf7 41. d6 Ke6 42. Ng5+ Kd7 43. Ke2 Bxd6 44. Bf6 Rxa4 45. g4 Ra2+ 46. Kf3 b5 47. h4 b4 48. h5 gxh5 49. gxh5 Rh2 {[%emt 0:00:09] Hoping for ...b3.} 50. Kg4 b3 {[%emt 0:00:03] ( -> ...Rg2+)} 51. Ne4 b2 {[%emt 0:00:09] Weighted Error Value: White=0.79/Black=0.21 (precise)} 0-1

[Event "Israeli Team U18-ch 2022"]
[Site "Be'er Ya'akov"]
[Date "2022.08.14"]
[Round "1.10"]
[White "Levi, Or"]
[Black "Medovoy, Yaniv"]
[Result "1-0"]
[ECO "B29"]
[WhiteElo "1784"]
[BlackElo "1614"]
[Annotator "NA RC"]
[PlyCount "153"]
[EventDate "2022.08.14"]
[EventCountry "ISR"]
[SourceTitle "playchess.com"]
[Source "ChessBase"]
[SourceQuality "1"]
[TimeControl "3000+10"]

1. e4 c5 2. Nf3 Nf6 3. e5 Nd5 4. Nc3 e6 5. Nxd5 exd5 6. d4 Nc6 7. dxc5 Bxc5 8. Bd3 d6 9. exd6 Qxd6 10. O-O O-O 11. c3 h6 12. b4 Bb6 13. b5 Ne7 14. Nd4 Qf6 15. Ba3 Re8 16. Re1 Bxd4 17. cxd4 Be6 18. Bd6 Nf5 19. Be5 Qg5 20. Rc1 Rac8 21. Rxc8 Rxc8 22. g3 Qd8 23. Qg4 Qg5 24. Qe2 Rc1 25. Rxc1 Qxc1+ 26. Kg2 Qa3 27. Qc2 g6 28. Qc7 Qe7 29. Qb8+ Qf8 30. Qxb7 f6 31. Bxf5 Bxf5 32. Qxd5+ Qf7 33. Qxf7+ Kxf7 34. Bb8 Bd3 35. a4 Bc2 36. a5 Ba4 37. Bxa7 Bxb5 38. Kf3 Ke6 39. Ke3 f5 40. Bc5 h5 41. Kf4 Kf6 42. d5 Bc4 43. Bd4+ Kf7 44. Ke5 Ke7 45. Bc5+ Kd7 46. Kf6 Bxd5 47. Kxg6 Kc6 48. Bb6 Bf3 49. Kxf5 Bg4+ 50. Kf4 Kd5 51. f3 Bc8 52. Kg5 Ke5 53. Kxh5 Kf5 54. Bc7 Bb7 55. g4+ Kf6 56. f4 Bc8 57. Bd8+ Kg7 58. Kg5 Kf7 59. h4 Kg7 60. h5 Kh7 61. Bf6 Ba6 62. Bd4 Bd3 63. Kf6 Be2 64. Kg5 Bd3 65. f5 Be2 66. Kf4 Bc4 67. Bc5 Kg7 68. g5 Kh7 69. Bd4 Be2 70. h6 Bc4 71. Ke5 Kg8 72. Kf6 Kh7 73. Be3 Kg8 74. g6 Kh8 75. Bd4 Bb3 76. Ke7+ Kg8 77. h7# 1-0

[Event "Israeli Team U18-ch 2022"]
[Site "Be'er Ya'akov"]
[Date "2022.08.14"]
[Round "1.11"]
[White "Ingel, Mica Bar"]
[Black "Ater, Yuval"]
[Result "0-1"]
[ECO "B15"]
[WhiteElo "1502"]
[BlackElo "1854"]
[Annotator "NA RC"]
[PlyCount "82"]
[EventDate "2022.08.14"]
[EventCountry "ISR"]
[SourceTitle "playchess.com"]
[Source "ChessBase"]
[SourceQuality "1"]
[TimeControl "3000+10"]

1. e4 c6 2. d4 d5 3. Nc3 dxe4 4. Nxe4 Nf6 5. Nxf6+ exf6 6. Nf3 Bd6 7. Bd3 Bg4 8. c3 Nd7 9. Be3 Qc7 10. h3 Bh5 11. Qc2 Rd8 12. O-O-O Nf8 13. Rde1 Ne6 14. Kb1 Bxf3 15. gxf3 g6 (15... Kf8 $11 {keeps the balance.}) 16. d5 $11 (16. h4 $16) 16... cxd5 17. Qa4+ Kf8 18. Bh6+ Kg8 19. Rhg1 Bf8 20. Bxf8 Kxf8 21. Qxa7 Kg7 22. Qe3 Rhe8 23. Qd2 Nf4 24. Bc2 Rxe1+ 25. Rxe1 Nxh3 26. Rh1 Qf4 27. Qe2 Ng5 28. Qe7 Rb8 29. Rd1 h5 30. Rxd5 Qxf3 31. Rd1 h4 32. Qc7 Re8 33. Qh2 h3 34. Rg1 Re2 35. Qg3 Qxf2 36. Qxf2 Rxf2 37. Rh1 f5 38. Bb3 h2 39. Bd5 b6 40. a4 Ne4 41. Kc1 Rg2 0-1